Map: [ESL] Equilibrium

Players

ShoWTimE

  • Race: Protoss Protoss
  • Spawn Location: 11:00

MaxPax - Winner!

  • Race: Protoss Protoss
  • Spawn Location: 1:00

Event: ESL SC2 Masters 2023 Winter (Regional)

VOD

Have the link to the VOD?

Description

Time

  • Played on: Nov. 12, 2023, 12:42 p.m.
  • Length: 4:24

All games in this series

Show
View Real Time Build Order
Export as new Build Order

ShoWTimE Protoss 

Build Orders: 1 Gate Expand, Phoenix Opening 

Get SALT Encoding   

  12  0:00  Probe  
  13  0:12  Probe  
  14  0:17  Pylon  
  14  0:24  Probe (Chrono Boost)  
  15  0:35  Gateway  
  15  0:36  Probe (Chrono Boost)  
  16  0:44  Probe (Chrono Boost)  
  16  0:45  Assimilator  
  17  0:51  Probe  
  18  1:03  Probe  
  19  1:15  Probe  
  20  1:22  Nexus  
  20  1:31  Cybernetics Core  
  20  1:35  Probe  
  21  1:42  Assimilator  
  21  1:47  Probe  
  21  1:50  Pylon  
  22  1:59  Probe  
  23  2:05  Adept (Chrono Boost)  
  23  2:11  Probe  
  23  2:13  Stargate  
  26  2:19  Shield Battery  
  26  2:23  Probe  
  26  2:28  Adept  
  29  2:35  Probe  
  30  2:40  Probe  
  31  2:47  Probe  
  32  2:52  Probe  
  32  2:53  Pylon  
  32  2:58  Phoenix (Chrono Boost)  
  33  2:59  Probe  
  33  3:04  Probe  
  37  3:11  Unknown, Probe  
  37  3:12  Shield Battery  
  38  3:16  Probe  
  38  3:17  Phoenix (Chrono Boost)  
  41  3:23  Probe  
  40  3:29  Probe  
  39  3:35  Probe  
  39  3:37  Phoenix (Chrono Boost)  
  39  3:41  Probe  
  40  3:47  Probe  
  41  3:52  Stargate  
  41  3:53  Probe  
  41  3:54  Phoenix (Chrono Boost)  
  44  3:59  Shield Battery, Probe  
  45  4:05  Shield Battery, Probe  
  45  4:11  Probe  
Show
View Real Time Build Order
Export as new Build Order

MaxPax Protoss - Winner!

Build Orders: 1 Gate Expand 

Get SALT Encoding   

  12  0:00  Probe  
  13  0:12  Probe  
  14  0:19  Pylon  
  14  0:24  Probe  
  15  0:37  Probe (Chrono Boost)  
  15  0:38  Gateway  
  16  0:46  Probe (Chrono Boost)  
  16  0:47  Assimilator  
  17  0:52  Probe  
  18  1:04  Probe  
  19  1:16  Probe  
  20  1:23  Nexus  
  20  1:32  Cybernetics Core  
  20  1:39  Zealot  
  22  1:46  Pylon  
  22  1:49  Probe  
  23  2:04  Probe  
  23  2:05  Adept (Chrono Boost)  
  23  2:06  Warp Gate (Chrono Boost)  
  24  2:14  Gateway  
  26  2:19  Probe  
  27  2:26  Pylon  
  27  2:28  Stalker (Chrono Boost)  
  29  2:32  Probe  
  29  2:35  Probe  
  31  2:45  Gateway  
  31  2:48  Probe  
  31  2:50  Probe  
  33  3:00  Stalker  
  33  3:02  Stalker  
  37  3:06  Shield Battery  
  37  3:08  Probe  
  37  3:11  Probe  
  39  3:17  Shield Battery  
  39  3:20  Probe  
  39  3:24  Probe  
  39  3:33  Probe  
  40  3:36  Probe  
  41  3:43  Assimilator  
  41  3:47  Stalker x2, Pylon  
  45  3:48  Stalker  
  45  3:51  Probe  
  45  3:52  Probe  
  47  4:01  Pylon  
  46  4:12  Stalker x2  
  49  4:20  Assimilator  
Tags
 
Add a new tag
Caveats
  • Supply blocks, unpowered buildings, or Contaminate may cause inaccurate times.
  • Supply counts are checked every 10 seconds.